 Dungeon Crawl Stone Soup version 0.29.1-1-gd02db6906a (webtiles) character file.

Game seed: 12956879680060895149

53 xian the Trooper (level 3, 0/29 HPs)
             Began as a Demonspawn Abyssal Knight on Sept 28, 2022.
             Was a Priest of Lugonu.
             Slain by a lemure (7 damage)
             ... led by Pikel
             ... on level 4 of the Dungeon.
             The game lasted 00:03:24 (1950 turns).

xian the Trooper (Demonspawn Abyssal Knight)        Turns: 1950, Time: 00:03:25

Health: 0/29       AC: 14    Str: 15    XL:     3   Next: 62%
Magic:  5/5        EV:  4    Int: 17    God:    Lugonu [***...]
Gold:   127        SH:  0    Dex: 13    Spells: 2/2 levels left

rFire   + . .      SeeInvis .   a - +1 hand axe
rCold   . . .      Faith    .   (no shield)
rNeg    . . .      Spirit   .   e - +0 plate armour
rPois   .          Reflect  .   (no helmet)
rElec   .          Harm     .   h - +0 cloak
rCorr   .          Rampage  .   (no gloves)
Will    .....                   (no boots)
Stlth   ..........              (no amulet)
HPRegen 0.09/turn               k - +6 ring of intelligence
MPRegen 0.09/turn               l - ring of protection from fire

@: no status effects
A: molten scales 1
a: Renounce Religion, Depart the Abyss, Bend Space, Banish


You were on level 4 of the Dungeon.
You worshipped Lugonu.
Lugonu was most pleased with you.
You visited 1 branch of the dungeon, and saw 4 of its levels.
You visited the Abyss 1 time.

You collected 127 gold pieces.

Inventory:

Hand Weapons
 a - a +1 hand axe (weapon)
Armour
 e - a +0 plate armour (worn)
 h - a +0 cloak (worn)
Jewellery
 k - a +6 ring of intelligence (left hand)
 l - a ring of protection from fire (right hand)
Scrolls
 b - 2 scrolls of identify {unknown}
 d - a scroll of teleportation {unknown}
 g - a scroll of magic mapping
 i - a scroll of poison {unknown}
 j - 2 scrolls of torment {unknown}
 m - a scroll of vulnerability {unknown}
 n - a scroll of blinking {unknown}
Potions
 c - 3 potions of heal wounds {unknown}
 f - a potion of resistance {unknown}


   Skills:
 + Level 3.4 Fighting
 + Level 2.5 Axes
 + Level 2.3 Armour
 + Level 1.1 Dodging
 + Level 2.9 Invocations


You had 2 spell levels left.
You didn't know any spells.
Your spell library was empty.

Dungeon Overview and Level Annotations

Branches:
Dungeon (3/15)

Altars:
Wu Jian


Innate Abilities, Weirdness & Mutations

You are partially covered in molten scales. (AC +2)


Message History

The lemure attacks as you move away! The lemure hits you.
The lemure attacks as you move away! The lemure hits you but does no damage.
You hit the lemure.
The lemure is lightly wounded.
The lemure hits you but does no damage.
You closely miss the lemure.
The lemure is lightly wounded.
The lemure hits you but does no damage.
You hit the lemure. You punch the lemure.
The lemure is moderately wounded.
The lemure hits you.
You hit the lemure but do no damage.
The lemure is moderately wounded.
The lemure hits you but does no damage.
You completely miss the lemure.
The lemure is moderately wounded.
The lemure hits you.
You barely miss the lemure.
The lemure is moderately wounded.
The lemure hits you but does no damage.
You closely miss the lemure.
The lemure is moderately wounded.
The lemure hits you but does no damage. x2
You hit the lemure.
The lemure is moderately wounded.
The lemure hits you but does no damage.
You hit the lemure.
The lemure is heavily wounded.
The lemure hits you.
Unknown command.
You miss the lemure.
The lemure is heavily wounded.
The lemure hits you but does no damage.
You hit the lemure.
The lemure is severely wounded.
The lemure hits you!
* * * LOW HITPOINT WARNING * * *
Unknown command.
The lemure attacks as you move away! The lemure hits you!
You die...

##### ### #...# .. #...#
.#
###...###########.######
..'...'.......55@.......
###...###########.######
# #...# .# # #...# .# #
#...# .# # #...#### ## #
#......# # #.####.# #
#.# #


You could see 2 lemures.

Vanquished Creatures
  An adder (D:2)
  A worm (D:2)
  2 dart slugs (D:1)
  4 ball pythons
  5 bats (D:2)
  An endoplasm (D:1)
  2 giant cockroaches (D:2)
  5 goblins
  4 hobgoblins
  A quokka (D:1)
  2 frilled lizards
  2 kobolds (D:1)
  5 rats
35 creatures vanquished.

Notes
Turn   | Place    | Note
-------+----------+-------------------------------------------
     0 | Abyss:1  | xian the Demonspawn Abyssal Knight began the quest for the
                  | Orb.
     0 | Abyss:1  | Reached XP level 1. HP: 18/18 MP: 2/2
     1 | D:1      | Escaped the Abyss
   141 | D:1      | Reached skill level 1 in Dodging
   344 | D:1      | Gained mutation: You are partially covered in molten
                  | scales. (AC +2) [demonic ancestry]
   344 | D:1      | Reached XP level 2. HP: 20/24 MP: 4/4
  1127 | D:2      | Reached XP level 3. HP: 29/29 MP: 5/5
  1321 | D:2      | Reached *** piety under Lugonu
  1533 | D:2      | Found an ornate altar of the Wu Jian Council.
  1844 | D:3      | You fall into a shaft and drop 1 floor!
  1894 | D:4      | Noticed a lemure
  1894 | D:4      | Noticed a lemure
  1950 | D:4      | Slain by a lemure

Illustrated notes

Levels and vault maps discovered:
D:1:      lemuel_arrival_river_ford, layout_basic
D:2:      layout_loops_ring, basic_altar
D:3:      layout_rooms, mainiacjoe_overflow_small_starburst,
          mainiacjoe_overflow_alcove_1,
          shapermc_ecumenical_altar_mp_ritualfount, gammafunk_ghost_stat_death,
          wad_rectangle_vault, uniq_natasha
D:4:      layout_basic, mainiacjoe_overflow_alcove_4, minmay_crossroads,
          uniq_eustachio, uniq_pikel

Skill      XL: |  1  2  3 |
---------------+----------+-----
Dodging        | 1 |  1.1
Axes           | 2 |  2.5
Armour         | 2 |  2.3
Fighting       | |  3.4
Invocations    | |  2.9

Action                   || total
-------------------------++-------
Melee: Hand axe          ||   134
       Punch             ||     1
  Use: Scroll            ||     1
Armor: Plate armour      ||   112
       Chain mail        ||     2
Dodge: Dodged            ||    29
